AoeStats
← HR nomadplayer

Arabia

507403154Analyzed
3v3 RM · 13d ago on Sep 18, 2026· 35m 54s· 6 players
Game mode
Random Map
Map size
Normal (6 player)
Population
200
Speed
Normal
Resources
Standard
Victory
Conquest
Starting age
Dark Age
Ending age
Imperial Age
RankedLock teamsTeams togetherTeam positionsShared explorationLock speedFull tech treeHidden civsTurbo modeCheats
Victory
Defeat
🇨🇱 Britons · Chile
1834
+5
🇨🇱 Maya · Chile
1705
+8
🇨🇱 Persians · Chile
1670
+10
🇲🇽 Saracens · Mexico
1616
-10
1535
-8
🇺🇸 Magyars · United States
1443
-5
VL JPGP
6:33 Loom
9:39 Feudal Age
17:40 Town Watch
22:18 Castle Age
20:22 Fletching
20:53 Double-Bit Axe
22:23 Crossbowman
23:12 Bodkin Arrow
25:11 Ballistics
24:56 Padded Archer Armor
27:12 Gold Mining
VL La Parca (Red Paladin)
6:25 Loom
9:51 Feudal Age
11:37 Double-Bit Axe
17:06 Fletching
17:55 Gold Mining
18:14 Padded Archer Armor
18:27 Horse Collar
24:27 Castle Age
24:29 Crossbowman
25:04 Bodkin Arrow
27:39 Wheelbarrow
27:26 Leather Archer Armor
28:12 Ballistics
30:19 Hand Cart
33:41 Stone Mining
38:53 Imperial Age
[VL] Rio_BlancoVER
7:31 Loom
9:51 Feudal Age
10:33 Double-Bit Axe
20:29 Scale Barding Armor
22:08 Bloodlines
26:20 Castle Age
27:27 Chain Barding Armor
31:40 Husbandry
HR nomadplayer
4:36 Loom
9:05 Feudal Age
14:43 Fletching
21:51 Castle Age
20:32 Padded Archer Armor
20:23 Gold Mining
20:25 Double-Bit Axe
21:53 Crossbowman
22:28 Bodkin Arrow
24:48 Ballistics
27:25 Bow Saw
27:04 Town Watch
27:55 Wheelbarrow
34:04 Horse Collar
36:04 Hand Cart
36:07 Heavy Plow
HR pikoLein
0:26 Loom
9:34 Feudal Age
13:09 Fletching
22:21 Castle Age
20:28 Gold Mining
20:54 Double-Bit Axe
22:24 Crossbowman
23:07 Bodkin Arrow
24:17 Ballistics
25:14 Padded Archer Armor
25:18 Horse Collar
28:13 Bow Saw
33:51 Wheelbarrow
38:59 Imperial Age
HR RYGE
6:40 Loom
9:12 Feudal Age
9:37 Double-Bit Axe
15:50 Forging
19:18 Scale Barding Armor
20:56 Wheelbarrow
21:24 Horse Collar
24:46 Castle Age
24:17 Bloodlines
23:58 Gold Mining
25:17 Husbandry
25:38 Chain Barding Armor
27:19 Hand Cart
30:01 Bow Saw
31:14 Gold Shaft Mining
33:11 Iron Casting
Connection lost

Rejoining the realm…

Still unreachable

The connection could not be restored.

Session expired

The server has moved on; the page needs a fresh start.